 Dungeon Crawl Stone Soup version 0.24.0-13-gcf9b319 (webtiles) character file.

Game seed: 12556756411075632091, levelgen mode: deterministic

42 Bob6969 the Skirmisher (level 3, -3/33 HPs)
             Began as a Draconian Berserker on Mar 19, 2020.
             Was a Follower of Trog.
             Slain by a worker ant (6 damage)
             ... on level 3 of the Dungeon.
             The game lasted 00:08:06 (1372 turns).

Bob6969 the Skirmisher (Draconian Berserker)        Turns: 1372, Time: 00:08:12

Health: -3/33      AC:  5    Str: 20    XL:     3   Next: 33%
Magic:  3/3        EV: 13    Int:  7    God:    Trog [*.....]
Gold:   99         SH:  0    Dex: 10    Spells: 2/2 levels left

rFire    . . .     SeeInvis .   a - +1 hand axe
rCold    . . .     Gourm    .   (no shield)
rNeg     . . .     Faith    .   (armour unavailable)
rPois    .         Spirit   .   (helmet restricted)
rElec    .         Reflect  .   (no cloak)
rCorr    .         Harm     .   (no gloves)
MR       .....                  (no boots)
Stlth    +.........             (no amulet)
HPRegen  0.11/turn              (no ring)
MPRegen  0.08/turn              (no ring)

@: lethally poisoned (-3 -> -24)
A: unfitting armour, cold-blooded, AC +5
a: Berserk, Renounce Religion


You were on level 3 of the Dungeon.
You worshipped Trog.
Trog was aware of your devotion.
You were hungry.

You visited 1 branch of the dungeon, and saw 3 of its levels.

You collected 99 gold pieces.

Inventory:

Hand Weapons
 a - a +1 hand axe (weapon)
Missiles
 c - 7 curare-tipped darts
 i - 57 stones (quivered)
Scrolls
 e - 2 scrolls of identify
 f - a scroll of enchant weapon
 j - a scroll of teleportation
Potions
 d - 2 potions of invisibility
Comestibles
 b - 4 rations


   Skills:
 + Level 3.8 Fighting
 + Level 3.5 Axes
 + Level 0.3 Throwing
 + Level 3.1 Dodging
 + Level 0.1 Stealth


You had 2 spell levels left.
You didn't know any spells.
Your spell library was empty.

Dungeon Overview and Level Annotations

Branches:
Dungeon (3/15)

Altars:
Vehumet


Innate Abilities, Weirdness & Mutations

Your plain brown scales are hard. (AC +5)
You cannot fit into any form of body armour.
You are cold-blooded and may be slowed by cold attacks.


Message History

You feel sick. The worker ant bites you. The worker ant bites you!
You hit the worker ant.
The worker ant is severely wounded.
You feel sick. The worker ant bites you.
* * * LOW HITPOINT WARNING * * *
You are lethally poisoned!
The worker ant poisons you!
You barely miss the worker ant.
The worker ant is severely wounded.
You are feeling hungry.
* * * LOW HITPOINT WARNING * * *
You feel sick.
The worker ant bites you but does no damage.
It was a potion of magic.
Magic courses through your body.
* * * LOW HITPOINT WARNING * * *
You feel sick. The worker ant bites you.
* * * LOW HITPOINT WARNING * * *
You are more poisoned.
The worker ant poisons you! The worker ant bites you.
You die...

# ....(.. # ..... #
..... # #... # #... #
#..# # #.a# # #.@# #
##.# ###### #.#
.....###########$####
####................#
#.###########.##.#
#.# #.# # #.# #.#
##.######## #.#


You could see a worker ant.

Vanquished Creatures
  2 adders (D:2)
  3 bats
  A goblin (D:1)
  3 hobgoblins
  4 jackals (D:2)
  A quokka (D:2)
  2 ball pythons (D:2)
  2 frilled lizards (D:2)
  3 kobolds
  3 rats
24 creatures vanquished.

Notes
Turn   | Place    | Note
-------+----------+-------------------------------------------
     0 | D:1      | Bob6969 the Draconian Berserker began the quest for the
                  | Orb.
     0 | D:1      | Reached XP level 1. HP: 19/19 MP: 1/1
   446 | D:1      | Reached XP level 2. HP: 26/26 MP: 2/2
   457 | D:1      | You fall into a shaft and drop 1 floor!
   553 | D:2      | Found a radiant altar of Vehumet.
   787 | D:2      | Reached XP level 3. HP: 29/33 MP: 3/3
  1372 | D:3      | Slain by a worker ant

Levels and vault maps discovered:
D:1:      erik_arrival_triangle_medium, layout_loops_corners,
          minmay_misc_feat_more_columns, minmay_misc_feat_encased,
          minmay_three_crescents
D:2:      layout_loops_cross, old_standard_altar, first_ration,
          minmay_stone_trees_small
D:3:      layout_loops_ring, serial_bayou_pond_b, kennysheep_generic_room_5

Skill      XL: |  1  2 |
---------------+-------+-----
Dodging        | 3 |  3.1
Fighting       | |  3.8
Axes           | |  3.5
Throwing       | |  0.3
Stealth        | |  0.1

Action                   || total
-------------------------++-------
Melee: Hand axe          ||    97
       Tailslap          ||    10
Throw: Stone             ||    14
  Use: Scroll            ||     5
       Potion            ||     5
  Eat: Chunk             ||     1
Armor: Skin              ||    29
Dodge: Dodged            ||    79
